 Dungeon Crawl Stone Soup version 0.32-a0-732-ga344392067 (webtiles) character file.

Game seed: 9270814988577291041

3537 NateTC the Grappler (level 9, -2/93 (96) HPs)
             Began as a Troll Monk on Mar 17, 2024.
             Was a Priest of Wu Jian.
             Slain by Grum
             ... wielding a +0 spear
              (14 damage)
             ... on level 8 of the Dungeon.
             The game lasted 00:06:49 (4895 turns).

NateTC the Grappler (Troll Monk)                    Turns: 4895, Time: 00:06:49

HP:   -2/93 (96)    AC:  6    Str: 25    XL:     9   Next: 82%
MP:   8/8           EV:  9    Int:  6    God:    Wu Jian [***...]
Gold: 397           SH:  0    Dex: 16    Spells: 8/8 levels left

rFire   . .          .
                       - Unarmed
rCold   . . .        c - orb {light}
rNeg    . . .        r - +0 troll leather armour {Pargi}
rPois   .            (helmet restricted)
rElec   +            d - +0 cloak of the Monk {rElec Will- Regen+ Dex-2}
rCorr   .            (gloves unavailable)
SInv    .            (boots unavailable)
Will    .....        (no amulet)
Stlth   +            l - +6 ring of dexterity
HPRegen 2.75/turn    (no ring)
MPRegen 0.11/turn

%: no passive effects
@: glowing, studying Shields, lightly drained
A: large, unfitting armour, claws 3, regeneration 1, shaggy fur 1, tough skin 1
a: Renounce Religion, Wall Jump, Serpent's Lash


You were on level 8 of the Dungeon.
You worshipped Wu Jian.
Wu Jian was most pleased with you.
You visited 2 branches of the dungeon, and saw 9 of its levels.

You collected 397 gold pieces.

Inventory:

Armour
 c - an orb of light (worn)
 d - the +0 cloak of the Monk (worn) {rElec Will- Regen+ Dex-2}
   (You acquired it on level 1 of the Dungeon)

   Dex-2:     It affects your dexterity (-2).
   rElec:     It insulates you from electricity.
   Will-:     It decreases your willpower.
   Regen+:    It increases your rate of health regeneration.
 r - a +0 troll leather armour (worn) {Pargi}
Jewellery
 k - a ring of see invisible
 l - a +6 ring of dexterity (left claw)
 m - a ring of ice
 A - a +5 ring of evasion
Wands
 s - a wand of roots (7)
 u - a wand of flame (17)
Scrolls
 g - a scroll of vulnerability
 i - a scroll of fog
 t - a scroll of teleportation
 x - a scroll of brand weapon
 y - a scroll of poison {unknown}
Potions
 a - a potion of degeneration
 b - a potion of ambrosia
 h - a potion of lignification
 j - 2 potions of curing
 n - a potion of brilliance
 o - a potion of cancellation
 p - a potion of enlightenment
 q - 2 potions of berserk rage
 v - a potion of heal wounds
 w - a potion of might
 z - a potion of haste {unknown}


   Skills:
 * Level 8.2 Fighting
 - Level 2.4 Dodging
 - Level 11.0 Unarmed Combat


You had 8 spell levels left.
You didn't know any spells.
Your spell library contained the following spells:

 Spells                   Type           Power      Damage    Failure   Level
 Kiss of Death            Conj/Necr      0%         2d5       50%         1
 Necrotise                Necr           0%         1d4       50%         1
 Shock                    Conj/Air       0%         1d3       50%         1
 Sting                    Conj/Alch      0%         1d3       50%         1
 Blink                    Tloc           0%         N/A       65%         2
 Lesser Beckoning         Tloc           0%         N/A       65%         2
 Mercury Vapours          Alch/Air       0%         N/A       65%         2
 Momentum Strike          Conj/Tloc      0%         3d8       65%         2
 Call Canine Familiar     Summ           0%         N/A       86%         3
 Confusing Touch          Hex            0%         N/A       86%         3
 Sigil of Binding         Hex            0%         N/A       86%         3
 Swiftness                Air            0%         N/A       86%         3
 Vampiric Draining        Necr           0%         2d6       86%         3
 Airstrike                Air            0%         2d(0-16)  99%         4
 Dimensional Bullseye     Hex/Tloc       0%         N/A       99%         4
 Dispel Undead            Necr           0%         3d6       99%         4
 Martyr's Knell           Necr/Summ      0%         N/A       99%         4
 Olgreb's Toxic Radiance  Alch           0%         N/A       99%         4
 Curse of Agony           Necr           0%         N/A       100%        5


Dungeon Overview and Level Annotations

Branches:
Dungeon (8/15) Zot: 26886  Temple (1/1) D:5 Zot: 5983
   Lair: D:8-11

Altars:
Ashenzari
Elyvilon
Fedhas
Gozag
Hepliaklqana
Kikubaaqudgha
Makhleb
Nemelex Xobeh
Okawaru
Qazlal
Ru
Sif Muna
Uskayaw
Vehumet
Wu Jian
Xom
Yredelemnul
Zin
The Shining One

Shops:
D:6 :   D:8 ((

Annotations:
D:8 Grum


Innate Abilities, Weirdness & Mutations

You are too large for most types of armour.
You have claws for hands.
Your natural rate of healing is unusually fast.
You are covered in fur. (AC +1)
You have tough skin. (AC +1)


Message History

The steam dragon claws you.
You claw the steam dragon!
You kill the steam dragon!
The Council accepts your kill.
The steam dragon scales are intact enough to wear.
Grum barely misses you.
The wight hits you with a +0 dire flail!
Your Fighting skill increases to level 8!
You scratch the wight but do no damage. The wight closely misses you.
The wight hits you with a +2 mace!
* * * LOW HITPOINT WARNING * * *
You feel drained.
* * * LOW HITPOINT WARNING * * *
Grum misses you. Grum barely misses you.
You claw the wight!
The wight is heavily damaged.
Grum hits you from afar with a +0 spear!!
* * * LOW HITPOINT WARNING * * *
The wight barely misses you.
You claw the wight!
You destroy the wight!
The Council accepts your kill.
You can now briefly move at supernatural speeds.
You mangle the orc!!
You kill the orc!
The Council accepts your kill. Grum closely misses you.
You claw the wight!
The wight is severely damaged.
The wight hits you with a +2 mace.
* * * LOW HITPOINT WARNING * * *
You feel drained.
Grum hits you from afar with a +0 spear.
* * * LOW HITPOINT WARNING * * *
You mangle the wight!!
You destroy the wight!
The Council accepts your kill.
Grum hits you from afar with a +0 spear!
You die...

#......##.##........))...##...##
#.........#####.##.........####
#.........# #.##.........#
#.........# #.##.........#
#.........# #.##.........#
#.........# #.############
#....∩....# #†# .......
#.........# ##.##g......
#######...####†.@)z......
######....##....... #.##.#
##..... >.. ... .... #.# ##.##
... ... #.# #. .# #.# #.# #.#


You could see Grum and a wight.

Vanquished Creatures
  A gargoyle (D:5)
  Grinder (D:5)
  Eustachio (D:5)
  A steam dragon (D:8)
  3 water moccasins
  Duvessa (D:5)
  A black bear (D:6)
  3 ice beasts
  Pargi (D:4)
  3 wolves (D:8)
  2 ogres
  A phantom (D:4)
  A kobold brigand (D:7)
  Blork the orc (D:5)
  2 scorpions (D:5)
  3 wights (D:8)
  Dowan (D:5)
  6 killer bees (D:8)
  A bombardier beetle (D:2)
  A jelly (D:5)
  An orc priest (D:8)
  6 hounds
  A sleepcap (D:7)
  4 iguanas
  5 orc wizards
  3 gnolls (D:3)
  8 adders
  3 white imps
  3 dart slugs
  A ribbon worm (D:2)
  23 orcs
  3 ball pythons
  6 bats
  7 endoplasms
  4 giant cockroaches
  4 goblins
  6 hobgoblins
  12 jackals
  A quokka (D:5)
  2 frilled lizards
  5 kobolds
  6 rats
149 creatures vanquished.

Vanquished Creatures (others)
  A kobold (D:7)
1 creature vanquished.

Grand Total: 150 creatures vanquished

Notes
Turn   | Place    | Note
-------+----------+-------------------------------------------
     0 | D:1      | NateTC the Troll Monk began the quest for the Orb.
     0 | D:1      | Reached XP level 1. HP: 22/22 MP: 0/0
   197 | D:1      | Reached XP level 2. HP: 29/29 MP: 1/1
   609 | D:1      | Identified a scroll of acquirement
   609 | D:1      | Acquired the +0 cloak of the Monk {rElec Will- Regen+
                  | Dex-2}
   657 | D:2      | Noticed a bombardier beetle
   662 | D:2      | Killed a bombardier beetle
   663 | D:2      | Reached XP level 3. HP: 37/37 MP: 2/2
   751 | D:2      | Reached XP level 4. HP: 46/46 MP: 3/3
   836 | D:2      | Found a shimmering altar of Xom.
  1151 | D:2      | Reached skill level 4 in Unarmed Combat
  1386 | D:3      | Reached XP level 5. HP: 40/54 MP: 4/4
  1927 | D:4      | Noticed a phantom
  1938 | D:4      | Killed a phantom
  1943 | D:4      | Reached XP level 6. HP: 65/65 MP: 5/5
  1956 | D:4      | Reached skill level 5 in Fighting
  2124 | D:4      | Noticed Pargi
  2129 | D:4      | Killed Pargi
  2130 | D:4      | Reached skill level 5 in Unarmed Combat
  2349 | D:4      | Found a white marble altar of Elyvilon.
  2359 | D:4      | Reached XP level 7. HP: 70/72 MP: 6/6
  2386 | D:4      | Identified the +11 dagger of Imminent Death {flame, Int+2}
  2638 | D:5      | Entered Level 5 of the Dungeon
  2670 | D:5      | Noticed Grinder
  2683 | D:5      | Killed Grinder
  2684 | D:5      | Reached skill level 6 in Unarmed Combat
  2809 | D:5      | Noticed Blork the orc
  2813 | D:5      | Killed Blork the orc
  2814 | D:5      | Reached skill level 7 in Unarmed Combat
  2862 | D:5      | Noticed a gargoyle
  2869 | D:5      | Killed a gargoyle
  2870 | D:5      | Reached skill level 8 in Unarmed Combat
  2870 | D:5      | Reached XP level 8. HP: 81/81 MP: 7/7
  3007 | D:5      | Found a staircase to the Ecumenical Temple.
  3059 | D:5      | Noticed Eustachio
  3070 | D:5      | Killed Eustachio
  3071 | D:5      | Reached skill level 9 in Unarmed Combat
  3172 | D:5      | Noticed Dowan
  3174 | D:5      | Noticed Duvessa
  3177 | D:5      | Killed Dowan
  3183 | D:5      | Killed Duvessa
  3394 | Temple   | Entered the Ecumenical Temple
  3402 | Temple   | Became a worshipper of the Wu Jian Council
  3402 | Temple   | Reached * piety under Wu Jian
  3402 | Temple   | Reached ** piety under Wu Jian
  3543 | D:6      | Reached skill level 10 in Unarmed Combat
  3821 | D:6      | Reached XP level 9. HP: 76/88 MP: 8/8
  3973 | D:6      | Found Pisam's Self-Published Books.
  4025 | D:6      | Reached skill level 11 in Unarmed Combat
  4194 | D:7      | Identified the +8 whip of Pride {protect, ^Fragile rF+ rC+
                  | Dex+3}
  4363 | D:7      | Found a sacrificial altar of Ru.
  4417 | D:7      | Found a radiant altar of Vehumet.
  4781 | D:8      | Found Puschak's Weapon Boutique.
  4818 | D:8      | Found Hydduat's Weapon Shop.
  4874 | D:8      | Noticed Grum
  4892 | D:8      | Reached *** piety under Wu Jian
  4895 | D:8      | Slain by Grum

Illustrated notes

Levels and vault maps discovered:
D:1:      ebering_trefoil_twist, layout_loops_ring, minmay_tetromino_o4
D:2:      layout_loops_ring, basic_altar, serial_park_tiny_2,
          kennysheep_generic_room_13
D:3:      layout_basic, minmay_misc_feat_pillars, nicolae_the_louvre
D:4:      layout_basic, elyvilon_altar_5, minmay_manual_monstrance, uniq_pargi
D:5:      layout_loops_cross, minmay_temple_entry_poolview,
          minmay_misc_feat_tiny, dk_vineyard_2, uniq_grinder,
          uniq_blork_the_orc, uniq_duvessa, uniq_eustachio
D:6:      layout_basic, nicolae_custom_books
D:7:      minmay_spotlight, layout_basic,
          mainiacjoe_overflow_concentric_impassable, fiery_altar_vehumet
D:8:      layout_basic, serial_shops, nicolae_shop_bloodbath_and_beyond, shop,
          shop, shop, shop, uniq_grum
Temple:   compressed_dpeg_triangle_lava_temple

Skill      XL: |  1  2  3  4  5  6  7  8  9 |
---------------+----------------------------+-----
Fighting       | 3 4 5 8 |  8.2
Unarmed Combat | 4 5 8 10 11 | 11.0
Dodging        | |  2.4

Action                     |  1- 3 |  4- 6 |  7- 9 || total
---------------------------+-------+-------+-------++-------
  Melee: Unarmed           |    47 |    96 |   197 ||   340
Ability: Lunge             |       |       |     9 ||     9
         Whirlwind         |       |       |     1 ||     1
    Use: Scroll            |     1 |     8 |     9 ||    18
 Armour: Robe              |    28 |    53 |       ||    81
         Troll leather arm |       |     5 |   123 ||   128
  Dodge: Dodged            |    22 |    50 |    95 ||   167

Table legend: (Time is in decaauts)
 A = Elapsed time spent in this place.
 B = Non-inter-level travel time spent in this place.
 C = Inter-level travel time spent in this place.
 D = Time resting spent in this place.
 E = Time spent auto-exploring this place.
 F = Levels seen in this place.
 G = Mean time per level.
                   A        B        C        D        E       F      G
               +--------+--------+--------+--------+--------+-----+--------+
         Total |   4852 |   4633 |    219 |      0 |   3675 |   9 |  539.1 |
       Dungeon |   4835 |   4624 |    211 |      0 |   3675 |   8 |  604.4 |
        Temple |     16 |      8 |      8 |      0 |      0 |   1 |   16.0 |
               +--------+--------+--------+--------+--------+-----+--------+

Top non-repeatable levels by time:
     D:5: 771 daAuts
     D:4: 758 daAuts
     D:6: 676 daAuts
     D:2: 657 daAuts
     D:7: 647 daAuts
     D:1: 629 daAuts
     D:3: 580 daAuts
     D:8: 113 daAuts
  Temple: 16 daAuts
